 Dungeon Crawl Stone Soup version 0.29-a0-892-g2c4c91d9db (webtiles) character file.

Game seed: 15631022455680558820

154 Aurophilus the Magician (level 5, -10/35 HPs)
             Began as a Djinni Fire Elementalist on July 23, 2022.
             Mangled by Duvessa
             ... wielding a +0 short sword
              (15 damage)
             ... on level 4 of the Dungeon.
             The game lasted 00:09:40 (3953 turns).

Aurophilus the Magician (Djinni Fire Elementalist)  Turns: 3953, Time: 00:09:43

Health: -10/35     AC:  3    Str:  7    XL:     5   Next: 63%
Gold:   202        EV: 12    Int: 18    God:
                   SH:  0    Dex: 14

rFire   + + .      SeeInvis .   (no weapon)
rCold   x . .      Faith    .   (no shield)
rNeg    . . .      Spirit   .   a - +1 robe
rPois   ∞          Reflect  .   (no helmet)
rElec   .          Harm     .   (no cloak)
rCorr   .          Rampage  .   (no gloves)
Will    .....                   (boots unavailable)
Stlth   ++........              (no amulet)
HPRegen 0.11/turn               (no ring)
MPRegen 0.00/turn               (no ring)

@: flying
A: sickness immunity, fire resistance 2, cold vulnerability 1, float, innate
caster, HP casting, extra vitality 1
a: no special abilities


You were on level 4 of the Dungeon.
You visited 1 branch of the dungeon, and saw 4 of its levels.

You collected 202 gold pieces.

Inventory:

Armour
 a - a +1 robe (worn)
Wands
 n - a wand of charming (7)
 o - a wand of flame (4)
Scrolls
 e - a scroll of fog
Potions
 c - 2 potions of curing
 d - 2 potions of attraction
 g - a potion of brilliance {unknown}
 h - 2 potions of heal wounds {unknown}
 i - a potion of invisibility
 j - 4 potions of mutation
 l - a potion of degeneration {unknown}


   Skills:
 - Level 2.1 Dodging
 - Level 1.5 Stealth
 * Level 4.5 Spellcasting


You couldn't memorise any spells.
You knew the following spells:

 Your Spells              Type           Power      Damage    Failure   Level
a - Foxfire               Conj/Fire      80%        2x1d8     2%          1
b - Scorch                Fire           40%        2d7       3%          2
c - Conjure Flame         Conj/Fire      20%        6-21      6%          3
d - Inner Flame           Hex/Fire       20%        N/A       6%          3
e - Flame Wave            Conj/Fire      20%        2d7       22%         4
f - Apportation           Tloc           40%        N/A       2%          1
g - Call Imp              Summ           20%        N/A       3%          2
Your spell library was empty.

Dungeon Overview and Level Annotations

Branches:
Dungeon (4/15)
 Temple: D:4-7

Altars:

Annotations:
D:4 Duvessa


Innate Abilities, Weirdness & Mutations

You are immune to sickness and miasma.
You are immune to poison.
Your flesh is very heat resistant. (rF++)
You are vulnerable to cold. (rC-)
You float through the air rather than walking.
You learn spells naturally, not from books.
Your magical power is your life essence.
You have superior vitality. (+4 MHP)


Message History

The foxfire hits Duvessa!
Duvessa is moderately wounded.
A giant cockroach comes into view.
You conjure some foxfire!
The foxfire hits Duvessa but does no damage.
Duvessa is moderately wounded.
The foxfire hits Duvessa but does no damage.
Duvessa is moderately wounded.
A quokka comes into view.
Duvessa misses you.
You conjure some foxfire!
The foxfire hits Duvessa.
Duvessa is moderately wounded.
Duvessa hits you with a +0 short sword!
You conjure some foxfire!
The foxfire hits Duvessa.
Duvessa is moderately wounded.
The foxfire hits Duvessa.
Duvessa is moderately wounded.
The foxfire hits Duvessa but does no damage.
Duvessa is moderately wounded.
Duvessa barely misses you. Duvessa hits you with a +0 short sword!
* * * LOW HITPOINT WARNING * * *
Casting: Foxfire (safe; 2% risk of failure)
Confirm with . or Enter, or press ? or * to list all spells.
Flames lash Duvessa.
Duvessa is heavily wounded.
Duvessa's fire resistance burns away.
* * * LOW HITPOINT WARNING * * *
The foxfire hits Duvessa.
Duvessa is burned terribly!
Duvessa is heavily wounded.
The foxfire hits Duvessa but does no damage.
Duvessa is heavily wounded.
Duvessa closely misses you.
You are too injured to fight recklessly!
Casting: Scorch (safe; 3% risk of failure)
Confirm with . or Enter, or press ? or * to list all spells.
Flames lash the giant cockroach.
You kill the giant cockroach!
* * * LOW HITPOINT WARNING * * *
Duvessa hits you but does no damage. Duvessa hits you with a +0 short sword!
You die...

#.. ... .. #.#
.....# .
#.####.#..##
...###.. .[......
.......###.....#
#......r..#
#..##..†.##
###.###..# #.e..#
.........# #.@..#
###.###.## #.#§##
#. #.# #.#.#
#.###.###.# #.#.#
#.........####.#.#
###.#..........#
#.######.###
##.######.#
#.........#


You could see Duvessa (berserk, combustible) and a quokka.

Vanquished Creatures
  Dowan (D:4)
  3 adders
  2 worms (D:2)
  2 dart slugs (D:2)
  4 ball pythons
  5 endoplasms
  2 giant cockroaches
  6 goblins
  4 hobgoblins
  8 jackals
  6 quokkas
  10 bats
  A frilled lizard (D:2)
  8 kobolds
  6 rats
68 creatures vanquished.

Vanquished Creatures (others)
  182 foxfires
182 creatures vanquished.

Grand Total: 250 creatures vanquished

Notes
Turn   | Place    | Note
-------+----------+-------------------------------------------
     0 | D:1      | Aurophilus the Djinni Fire Elementalist began the quest for
                  | the Orb.
     0 | D:1      | Aurophilus set off with the following spells memorised:
                  | Foxfire, Scorch, Conjure Flame, Inner Flame, Flame Wave.
     0 | D:1      | Reached XP level 1. HP: 15/15 MP: 0/0
   274 | D:1      | Reached XP level 2. HP: 16/21 MP: 0/0
   686 | D:1      | Reached skill level 3 in Spellcasting
   959 | D:1      | Reached XP level 3. HP: 20/25 MP: 0/0
   959 | D:1      | Learned a level 1 spell: Apportation
  2069 | D:2      | Reached XP level 4. HP: 29/31 MP: 0/0
  3061 | D:3      | Reached skill level 4 in Spellcasting
  3387 | D:3      | Reached XP level 5. HP: 33/35 MP: 0/0
  3387 | D:3      | Learned a level 2 spell: Call Imp
  3917 | D:4      | Noticed Dowan
  3920 | D:4      | Noticed Duvessa
  3947 | D:4      | Killed Dowan
  3953 | D:4      | Mangled by Duvessa

Illustrated notes

Levels and vault maps discovered:
D:1:      evilmike_arrival_hilbert_curve, layout_loops_corners,
          hangedman_decor_growths
D:2:      layout_loops_ring
D:3:      layout_basic
D:4:      layout_loops_ring, fountainhead, serial_bayou_ford_a, uniq_duvessa

Skill      XL: |  1  2  3  4 |
---------------+-------------+-----
Spellcasting   | 3 4 |  4.5
Dodging        | |  2.1
Stealth        | |  1.5

Action                   |  1- 3 |  4- 6 || total
-------------------------+-------+-------++-------
 Cast: Foxfire           |    74 |    43 ||   117
       Scorch            |     5 |    25 ||    30
  Use: Scroll            |     5 |     8 ||    13
Armor: Robe              |     5 |     6 ||    11
Dodge: Dodged            |     8 |     9 ||    17

Table legend: (Time is in decaauts)
 A = Elapsed time spent in this place.
 B = Non-inter-level travel time spent in this place.
 C = Inter-level travel time spent in this place.
 D = Time resting spent in this place.
 E = Time spent auto-exploring this place.
 F = Levels seen in this place.
 G = Mean time per level.
                   A        B        C        D        E       F      G
               +--------+--------+--------+--------+--------+-----+--------+
         Total |   3952 |   3861 |     91 |    267 |   3173 |   4 |  988.0 |
       Dungeon |   3952 |   3861 |     91 |    267 |   3173 |   4 |  988.0 |
               +--------+--------+--------+--------+--------+-----+--------+

Top non-repeatable levels by time:
     D:1: 1580 daAuts
     D:2: 1428 daAuts
     D:3: 812 daAuts
     D:4: 130 daAuts
